Map: 匹昂台地

Players

shengy - Winner!

  • Race: Zerg Zerg
  • League: Platinum

CSdeft

  • Race: Protoss Protoss
  • League: Gold

VOD

Have the link to the VOD?

Description

Time

  • Played on: Dec. 31, 2015, 11:34 p.m.
  • Length: 14:16
Show
View Real Time Build Order
Export as new Build Order

shengy Zerg - Winner!

Build Orders: Pool First, Lurkers 

Get SALT Encoding   

  12  0:01  Drone  
  13  0:08  Drone  
  14  0:17  Overlord  
  14  0:28  Drone, Extractor  
  14  0:35  Drone x2  
  17  0:44  Drone  
  18  0:50  Spawning Pool  
  18  0:55  Drone  
  18  1:15  Hatchery  
  17  1:20  Drone  
  17  1:21  Drone  
  19  1:27  Overlord  
  19  1:38  Zergling x2  
  20  1:40  Queen  
  22  2:04  Extractor, Drone x2  
  23  2:12  Drone  
  24  2:21  Queen  
  26  2:23  Overlord  
  26  2:42  Drone x3  
  29  2:55  Hatchery, Drone  
  29  2:56  Extractor  
  29  2:58  Drone x4  
  30  3:02  Extractor  
  31  3:14  Lair  
  31  3:16  Drone  
  31  3:17  Roach Warren  
  31  3:19  Drone  
  32  3:36  Drone x4  
  32  3:37  Drone x2  
  38  3:46  Overlord  
  38  3:51  Evolution Chamber  
  38  3:55  Evolution Chamber  
  36  3:56  Drone x2  
  38  4:03  Overlord  
  38  4:12  Glial Reconstitution  
  38  4:18  Overlord  
  38  4:26  Queen  
  38  4:29  Zerg Missile Weapons Level 1  
  40  4:32  Zerg Ground Armor Level 1  
  40  4:39  Drone x2  
  40  4:40  Drone x2  
  40  4:44  Drone x2  
  40  4:45  Drone  
  47  4:50  Drone x3  
  47  4:52  Drone  
  51  4:57  Drone x2  
  53  5:05  Extractor  
  52  5:13  Hydralisk Den  
  52  5:14  Spore Crawler  
  50  5:15  Spore Crawler  
  50  5:18  Spore Crawler  
  48  5:27  Overlord  
  48  5:30  Roach  
  48  5:31  Roach x8  
  48  5:35  Overlord x2  
  66  5:38  Overlord  
  66  5:40  Overlord  
  66  5:50  Queen  
  66  5:53  Ravager x4  
  66  5:54  Ravager x2  
  66  5:56  Hydralisk x2  
  74  6:03  Overlord x2  
  73  6:07  Overlord x2  
  73  6:16  Hydralisk  
  73  6:17  Hydralisk x3  
  74  6:49  Queen  
  74  6:52  Zerg Missile Weapons Level 2  
  74  6:54  Lurker Den  
  74  6:57  Zergling x2  
  74  6:58  Zergling x22  
  86  7:15  Metabolic Boost  
  86  7:23  Roach x4  
  86  7:24  Roach x3  
  86  7:28  Extractor  
  86  7:29  Drone x5  
  104  7:30  Extractor  
  104  7:33  Drone  
  100  7:56  Hydralisk x2  
  104  7:58  Overlord x2  
  104  8:08  Zerg Ground Armor Level 2  
  104  8:12  Infestation Pit  
  103  8:16  Drone  
  103  8:17  Drone x6  
  103  8:18  Drone x3  
  103  8:19  Overlord  
  113  8:20  Overlord  
  113  8:21  Overlord  
  113  8:22  Hydralisk x2  
  113  8:23  Hydralisk  
  119  8:29  Hatchery  
  115  8:37  Lurker  
  115  8:38  Lurker x2  
  118  8:44  Lurker  
  119  8:49  Zergling x2  
  119  8:50  Zergling x26  
  133  8:57  Hive  
  130  9:24  Roach x5  
  130  9:25  Roach x3  
  130  9:28  Overlord x2  
  131  9:45  Zergling x2  
  131  9:46  Zergling x12  
  131  9:48  Overlord  
  113  10:00  Zergling x4  
  113  10:01  Zergling x4  
  101  10:34  Queen  
  100  10:37  Hydralisk  
  100  10:38  Hydralisk x16  
  120  10:59  Overseer  
  120  11:00  Overseer  
  120  11:11  Zerg Ground Armor Level 3  
  114  11:12  Zerg Missile Weapons Level 3  
  114  11:13  Ultralisk Cavern  
  114  11:14  Overlord  
  114  11:25  Drone  
  114  11:26  Drone x8  
  114  11:27  Drone x2  
  124  11:35  Lurker  
  124  11:36  Lurker x2  
  127  11:44  Extractor  
  127  11:45  Extractor  
  126  11:47  Lurker  
  126  11:48  Lurker  
  127  12:02  Overlord x2  
  127  12:04  Adrenal Glands  
  126  12:15  Hatchery  
  116  12:16  Extractor  
  116  12:17  Extractor  
  114  12:35  Zergling x28  
  114  12:36  Zergling x28  
  126  13:10  Viper  
  126  13:11  Ultralisk x2  
  126  13:12  Ultralisk x3  
  157  13:16  Lurker  
  158  13:18  Lurker  
  158  13:35  Queen  
Show
View Real Time Build Order
Export as new Build Order

CSdeft Protoss 

Build Orders: Nexus First, Phoenix Opening, Zealot Archon 

Get SALT Encoding   

  12  0:01  Probe (Chrono Boost)  
  13  0:11  Probe (Chrono Boost)  
  14  0:20  Pylon  
  14  0:22  Probe (Chrono Boost)  
  15  0:38  Probe (Chrono Boost)  
  16  0:49  Probe (Chrono Boost)  
  17  0:58  Nexus  
  17  1:07  Probe (Chrono Boost), Assimilator  
  18  1:13  Assimilator  
  18  1:18  Probe (Chrono Boost)  
  19  1:35  Gateway  
  19  1:38  Forge  
  19  1:50  Probe (Chrono Boost)  
  20  2:05  Probe (Chrono Boost)  
  20  2:06  Pylon  
  21  2:11  Probe (Chrono Boost)  
  22  2:16  Probe (Chrono Boost)  
  22  2:24  Cybernetics Core  
  22  2:29  Pylon  
  22  2:34  Probe x2 (Chrono Boost)  
  24  2:40  Protoss Ground Weapons Level 1  
  24  2:44  Probe (Chrono Boost)  
  24  2:48  Probe (Chrono Boost)  
  26  2:55  Probe (Chrono Boost)  
  27  3:01  Mothership Core (Chrono Boost)  
  27  3:03  Adept  
  31  3:12  Stargate  
  31  3:15  Probe (Chrono Boost)  
  32  3:20  Assimilator  
  32  3:21  Probe (Chrono Boost)  
  33  3:30  Adept  
  35  3:37  Pylon  
  35  3:40  Assimilator  
  35  3:41  Probe (Chrono Boost)  
  35  3:42  Probe (Chrono Boost)  
  35  3:46  Warp Gate  
  37  3:50  Pylon  
  37  3:52  Probe x2 (Chrono Boost)  
  39  3:58  Phoenix  
  41  4:03  Probe x2 (Chrono Boost)  
  43  4:14  Probe x2 (Chrono Boost)  
  45  4:23  Phoenix (Chrono Boost)  
  47  4:25  Probe x2 (Chrono Boost)  
  47  4:28  Pylon  
  49  4:35  Protoss Ground Armor Level 1  
  49  4:40  Pylon, Probe  
  49  4:42  Probe  
  51  4:48  Phoenix (Chrono Boost)  
  53  4:55  Stalker  
  55  5:10  Phoenix (Chrono Boost)  
  57  5:20  Gateway  
  57  5:22  Gateway  
  57  5:24  Probe  
  57  5:25  Probe  
  57  5:27  Twilight Council  
  59  5:31  Phoenix (Chrono Boost)  
  61  5:46  Probe  
  61  5:47  Probe  
  63  6:04  Probe  
  63  6:05  Probe  
  63  6:09  Robotics Facility  
  65  6:11  Templar Archives  
  65  6:14  Gateway  
  65  6:15  Gateway  
  65  6:17  Gateway  
  65  6:18  Gateway  
  65  6:20  Gateway  
  61  6:54  Protoss Ground Armor Level 2  
  61  6:55  Psionic Storm  
  61  6:58  Immortal  
  65  7:05  Stalker  
  65  7:06  Stalker x2  
  71  7:11  Pylon  
  71  7:14  Pylon  
  71  7:17  Pylon  
  71  7:18  Phoenix (Chrono Boost)  
  73  7:25  Pylon  
  73  7:38  High Templar x3  
  73  7:39  Phoenix (Chrono Boost), High Templar x2  
  82  7:48  Archon x2  
  78  7:53  Immortal  
  78  7:55  Stalker x2  
  78  7:56  Stalker  
  88  8:14  Pylon  
  88  8:20  Stalker  
  88  8:21  Stalker x4  
  98  8:28  Pylon x2  
  97  8:39  High Templar  
  99  8:43  Immortal  
  99  8:48  Pylon  
  103  8:50  Forge  
  101  9:35  Void Ray (Chrono Boost)  
  99  9:38  Robotics Bay  
  99  9:43  Robotics Facility  
  59  10:08  Observer  
  57  10:30  Zealot  
  57  10:31  Zealot x3  
  57  10:32  Zealot  
  55  10:45  Disruptor x2  
  47  11:12  Nexus  
  47  11:15  Stalker  
  47  11:16  Stalker x4  
  57  11:21  Disruptor x2  
  63  11:36  Nexus  
  63  11:44  Pylon  
  63  11:48  Pylon  
  63  11:51  Pylon  
  63  12:02  Disruptor x2  
  63  12:04  Pylon  
  53  13:08  Zealot x2  
  53  13:09  Zealot x3  
Tags
 
Add a new tag
Caveats
  • Supply blocks, unpowered buildings, or Contaminate may cause inaccurate times.
  • Supply counts are checked every 10 seconds.